Pick #1

Connor Bedard
Pick #2

Leo Carlsson
Pick #3

Adam Fantilli
Pick #4

Matvei Michkov
Pick #5

David Reinbacher
Pick #6

William Smith
Pick #7

Zachary Benson
Pick #8

Ryan Leonard
Pick #9

Gabriel Perreault
Pick #10

Axel Sandin-Pellika
Pick #11

Daniil But
Pick #12

Dalibor Dvorsky
Pick #13

Quentin Musty
Pick #14

Brayden Yager
Pick #15

Dmitry Simashev
Pick #16

Colby Barlow
Pick #17

Andrew Cristall
Pick #18

Easton Cowan
Pick #19

Jacob Fowler
Pick #20

Oliver Moore
Pick #21

Oliver Bonk
Pick #22

Tom Willander
Pick #23

Calum Ritchie
Pick #24

Tanner Molendyk
Pick #25

Gavin Brindley
Pick #26

Nate Danielson
Pick #27

Pick #28

Pick #29

Pick #30

Pick #31

Pick #32

Pick #33

Pick #34

Pick #35

Pick #36

Pick #37

Pick #38

Pick #39

Pick #40

Pick #41

Pick #42

Pick #43

Pick #44

Pick #45

Pick #46

Pick #47

Pick #48

Pick #49

Pick #50

Pick #51

Pick #52

Pick #53

Pick #54

Pick #55

Pick #56

Pick #57

Pick #58

Pick #59

Pick #60

Pick #61

Pick #62

Pick #63

Pick #64

Pick #65

Pick #66

Pick #67

Pick #68

Pick #69

Pick #70

Pick #71

Pick #72

Pick #73

Pick #74

Pick #75

Pick #76

Pick #77

Pick #78

Pick #79

Pick #80

Pick #81

Pick #82

Pick #83

Pick #84

Pick #85

Pick #86

Pick #87

Pick #88

Pick #89

Pick #90

Pick #91

Pick #92

Pick #93

Pick #94

Pick #95

Pick #96

Pick #97

Pick #98

Pick #99

Pick #100

Pick #101

Pick #102

Pick #103

Pick #104

Pick #105

Pick #106

Pick #107

Pick #108

Pick #109

Pick #110

Pick #111

Pick #112

Pick #113

Pick #114

Pick #115

Pick #116

Pick #117

Pick #118

Pick #119

Pick #120

Pick #121

Pick #122

Pick #123

Pick #124

Pick #125

Pick #126

Pick #127

Pick #128

Pick #129

Pick #130

Full Scoreboard »»

Blues vs Senators

Created - February 29, 2024 at 22:09

Goals
1 2 3 T
Blues 1 1 1 3
Senators 1 0 1 2
Shots
1 2 3 T
Blues 7 13 11 31
Senators 6 5 5 16

GoalsPenalties
1st period
1. Senators , Pius Suter 9 (Jake Walman 15) at 18:33
2. Blues , Logan Couture 22 (Cale Makar 50) at 18:53
No Penalty
2nd period
3. Blues , Yanni Gourde 14 (Alec Martinez 15, Sean Monahan 9) at 2:27
Joel Eriksson Ek (OTT) for Hooking (Minor) at 12:49
3rd period
4. Senators , Brock McGinn 12 (Rasmus Andersson 24) at 8:25
5. Blues , Alex Newhook 3 (Yanni Gourde 21, Alec Martinez 16) at 19:29
Joel Eriksson Ek (OTT) for Boarding (Minor) at 1:55
Goalie Stats
Cam Talbot (STL), 14 saves from 16 shots - (0.875), W, 15-8-1, 60:00 minutes
Igor Shesterkin (OTT), 28 saves from 31 shots - (0.903), L, 21-21-4, 59:56 minutes
3 StarsOfficial
1 - Yanni Gourde (STL)
2 - Logan Couture (STL)
3 - Alec Martinez (STL)
Referees : Dean Morton and Justin Kea
Linesman : Trent Knorr and Ryan Gibbons
Game Note
No Game Note
Finance
Level 1 -- Attendance: 5482 (84.34%) -- Ticket Income $657,840
Level 2 -- Attendance: 4485 (89.70%) -- Ticket Income $403,650
Level 3 -- Attendance: 2602 (74.34%) -- Ticket Income $195,150
Level 4 -- Attendance: 2204 (69.90%) -- Ticket Income $110,200
Luxury Box -- Attendance: 718 (71.80%) -- Ticket Income $172,320
Game was played at the Canadian Tire Centre.
Total Attendance: 15491 (80.88%)
Total Ticket Income: $1,539,160
Other Income: $384,790
Total Income: $1,923,950



Team Name Goals Shots Shots Attemp Shots Blocked PIM HIT PP PK FO%
Blues 3315040240 / 2 (0%)049%
Senators 2162774130 / 0 (0.00%051%

Blues
Player Name POS G A P +/- PIM HIT SHT SB MP PP MP PP SHT PK MP PK SHT FO% FOT
Alec MartinezD0222002015:230:0610:0000% 0
Alex NewhookC1011022017:462:0000:0000% 0
Anthony DeAngeloD000-2000021:361:5100:0000% 0
Anton StralmanD000000000:060:0600:0000% 0
Auston MatthewsC000-1033024:012:0120:000100% 2
Cale MakarD0111002123:132:0110:0000% 0
Carson SoucyD0002000015:170:0000:0000% 0
Clayton KellerRW000-1005018:591:5800:0000% 1
Craig SmithC000001004:470:0600:0000% 0
Curtis LazarC0001032218:040:0000:00036% 14
Filip HronekD000-2020019:330:0000:0000% 0
Jack EichelC0001001019:581:5400:00060% 5
Kris LetangD0001040023:031:5100:0000% 0
Logan CoutureC1011023120:321:5800:00050% 2
Nico HischierC000-1003019:291:5800:00056% 18
Sean MonahanC0111044015:460:0000:00052% 23
Steven LorentzC000001004:410:0000:00040% 5
Yanni GourdeC1121024017:462:0000:0000% 1
Senators
Player Name POS G A P +/- PIM HIT SHT SB MP PP MP PP SHT PK MP PK SHT FO% FOT
Adam LowryC000-1011014:570:0001:180100% 1
Andrew CoppC000-1002114:570:0001:18046% 13
Anthony CirelliC0000000016:480:0002:4000% 0
Brock McGinnLW1011001013:580:0000:00050% 2
Christian DvorakC0000010014:080:0000:00058% 12
Connor CliftonD000-1010019:490:0002:0700% 0
Erik JohnsonD0000000217:450:0000:0000% 0
Jake WalmanD011-1001117:420:0000:0000% 0
Joel Eriksson EkC000-1412014:150:0000:00050% 20
K'Andre MillerD0000021019:520:0002:0700% 0
Luke GlendeningC0001022013:580:0000:00053% 17
Matty BeniersC000-1002014:170:0000:0000% 0
Nikita KucherovRW000-1012114:170:0000:000100% 1
Noah HanifinD0000020022:260:0001:5100% 0
Pius SuterC1011002113:580:0000:0000% 1
Rasmus AnderssonD0110010122:260:0001:5100% 0
Sam GagnerC0000010016:480:0002:40025% 4
Scott LaughtonC000-1000013:390:0000:0000% 0



Play-by-Play

1st period


0:01 of 1st period - Nico Hischier wins face-off versus Joel Eriksson Ek in neutral zone.
0:05 of 1st period - Nico Hischier is hit by Nikita Kucherov and loses puck.
0:20 of 1st period - Shot by Nico Hischier.
0:20 of 1st period - Stopped by Igor Shesterkin without a rebound.
0:21 of 1st period - Andrew Copp wins face-off versus Curtis Lazar in Senators zone.
1:14 of 1st period - Icing by Adam Lowry.
1:15 of 1st period - Sean Monahan wins face-off versus Andrew Copp in Senators zone.
1:24 of 1st period - Shot by Yanni Gourde.
1:24 of 1st period - Shot Blocked by Erik Johnson.
1:48 of 1st period - Sean Monahan is hit by Christian Dvorak and loses puck.
2:39 of 1st period - Shot by Auston Matthews.
2:39 of 1st period - Shot Misses the Net.
2:41 of 1st period - Shot by Clayton Keller.
2:41 of 1st period - Stopped by Igor Shesterkin without a rebound.
2:42 of 1st period - Curtis Lazar wins face-off versus Joel Eriksson Ek in Senators zone.
3:28 of 1st period - Shot by Joel Eriksson Ek.
3:28 of 1st period - Shot Blocked by Curtis Lazar.
4:56 of 1st period - Shot by Nico Hischier.
4:56 of 1st period - Deflect By Clayton Keller.
4:56 of 1st period - Stopped by Igor Shesterkin without a rebound.
4:57 of 1st period - Sean Monahan wins face-off versus Andrew Copp in Senators zone.
5:58 of 1st period - Icing by Alec Martinez.
5:59 of 1st period - Sean Monahan wins face-off versus Luke Glendening in Blues zone.
6:16 of 1st period - Shot by K'Andre Miller.
6:16 of 1st period - Stopped by Cam Talbot without a rebound.
6:17 of 1st period - Nico Hischier wins face-off versus Joel Eriksson Ek in Blues zone.
6:32 of 1st period - Shot by Auston Matthews.
6:32 of 1st period - Shot Misses the Net.
6:56 of 1st period - Shot by Joel Eriksson Ek.
6:56 of 1st period - Stopped by Cam Talbot without a rebound.
6:57 of 1st period - Luke Glendening wins face-off versus Curtis Lazar in Blues zone.
7:17 of 1st period - Icing by Rasmus Andersson.
7:18 of 1st period - Steven Lorentz wins face-off versus Luke Glendening in Senators zone.
7:18 of 1st period - Cale Makar is hit by Noah Hanifin and loses puck.
8:05 of 1st period - Icing by Rasmus Andersson.
8:06 of 1st period - Luke Glendening wins face-off versus Sean Monahan in Senators zone.
8:06 of 1st period - Luke Glendening is hit by Alex Newhook.
9:18 of 1st period - Shot by Adam Lowry.
9:18 of 1st period - Shot Blocked by Logan Couture.
9:38 of 1st period - Shot by Adam Lowry.
9:38 of 1st period - Stopped by Cam Talbot without a rebound.
9:39 of 1st period - Joel Eriksson Ek wins face-off versus Nico Hischier in Blues zone.
9:40 of 1st period - Shot by Matty Beniers.
9:40 of 1st period - Stopped by Cam Talbot without a rebound.
9:41 of 1st period - Joel Eriksson Ek wins face-off versus Nico Hischier in Blues zone.
10:44 of 1st period - Off-side.
10:45 of 1st period - Christian Dvorak wins face-off versus Sean Monahan in neutral zone.
11:52 of 1st period - Icing by Filip Hronek.
11:53 of 1st period - Curtis Lazar wins face-off versus Luke Glendening in Blues zone.
13:35 of 1st period - Shot by Nico Hischier.
13:35 of 1st period - Stopped by Igor Shesterkin without a rebound.
13:36 of 1st period - Sean Monahan wins face-off versus Joel Eriksson Ek in Senators zone.
13:52 of 1st period - Shot by Connor Clifton.
13:52 of 1st period - Shot Misses the Net.
14:57 of 1st period - Christian Dvorak is hit by Kris Letang and loses puck.
15:32 of 1st period - Erik Johnson is hit by Auston Matthews and loses puck.
15:44 of 1st period - Jack Eichel is hit by K'Andre Miller and loses puck.
15:59 of 1st period - Shot by Logan Couture.
15:59 of 1st period - Shot Misses the Net.
16:01 of 1st period - Shot by Logan Couture.
16:01 of 1st period - Stopped by Igor Shesterkin without a rebound.
16:02 of 1st period - Sean Monahan wins face-off versus Andrew Copp in Senators zone.
16:10 of 1st period - Icing by Connor Clifton.
16:11 of 1st period - Sean Monahan wins face-off versus Andrew Copp in Senators zone.
16:42 of 1st period - Shot by Scott Laughton.
16:42 of 1st period - Deflect By Andrew Copp.
16:42 of 1st period - Stopped by Cam Talbot without a rebound.
16:43 of 1st period - Joel Eriksson Ek wins face-off versus Logan Couture in Blues zone.
17:08 of 1st period - Shot by Matty Beniers.
17:08 of 1st period - Shot Misses the Net.
17:16 of 1st period - Shot by Logan Couture.
17:16 of 1st period - Shot Blocked by Nikita Kucherov.
17:18 of 1st period - Shot by Logan Couture.
17:18 of 1st period - Shot Misses the Net.
17:20 of 1st period - Shot by Curtis Lazar.
17:20 of 1st period - Stopped by Igor Shesterkin without a rebound.
17:21 of 1st period - Christian Dvorak wins face-off versus Clayton Keller in Senators zone.
18:33 of 1st period - Shot by Pius Suter.
18:33 of 1st period - Goal by Pius Suter - Blues : 0 - Senators : 1.
18:34 of 1st period - Jack Eichel wins face-off versus Andrew Copp in neutral zone.
18:51 of 1st period - Shot by Logan Couture.
18:51 of 1st period - Shot Misses the Net.
18:53 of 1st period - Shot by Logan Couture.
18:53 of 1st period - Goal by Logan Couture - Blues : 1 - Senators : 1.
18:54 of 1st period - Joel Eriksson Ek wins face-off versus Sean Monahan in neutral zone.
18:54 of 1st period - Joel Eriksson Ek is hit by Sean Monahan.
Goals for this period are 1 for Blues vs 1 for Senators.
Shots for this period are 7 for Blues vs 6 for Senators.

2nd period


0:01 of 2nd period - Nico Hischier wins face-off versus Pius Suter in neutral zone.
0:01 of 2nd period - Kris Letang is hit by Luke Glendening and loses puck.
0:26 of 2nd period - Shot by Clayton Keller.
0:26 of 2nd period - Stopped by Igor Shesterkin without a rebound.
0:27 of 2nd period - Adam Lowry wins face-off versus Curtis Lazar in Senators zone.
1:54 of 2nd period - Shot by Nico Hischier.
1:54 of 2nd period - Shot Misses the Net.
1:59 of 2nd period - Off-side.
2:00 of 2nd period - Luke Glendening wins face-off versus Sean Monahan in neutral zone.
2:09 of 2nd period - Shot by Jake Walman.
2:09 of 2nd period - Stopped by Cam Talbot without a rebound.
2:10 of 2nd period - Sean Monahan wins face-off versus Joel Eriksson Ek in Blues zone.
2:27 of 2nd period - Shot by Yanni Gourde.
2:27 of 2nd period - Goal by Yanni Gourde - Blues : 2 - Senators : 1.
2:28 of 2nd period - Luke Glendening wins face-off versus Steven Lorentz in neutral zone.
2:45 of 2nd period - Brock McGinn is hit by Craig Smith and loses puck.
3:01 of 2nd period - Shot by Auston Matthews.
3:01 of 2nd period - Stopped by Igor Shesterkin with a rebound.
3:11 of 2nd period - Shot by Pius Suter.
3:11 of 2nd period - Shot Blocked by Cale Makar.
3:23 of 2nd period - Anthony Cirelli is hit by Steven Lorentz and loses puck.
5:08 of 2nd period - Icing by Erik Johnson.
5:09 of 2nd period - Andrew Copp wins face-off versus Sean Monahan in Senators zone.
5:09 of 2nd period - K'Andre Miller is hit by Sean Monahan.
5:31 of 2nd period - Shot by Sean Monahan.
5:31 of 2nd period - Stopped by Igor Shesterkin without a rebound.
5:32 of 2nd period - Sean Monahan wins face-off versus Luke Glendening in Senators zone.
5:39 of 2nd period - Shot by Yanni Gourde.
5:39 of 2nd period - Deflect By Sean Monahan.
5:39 of 2nd period - Stopped by Igor Shesterkin with a rebound.
5:50 of 2nd period - Shot by Luke Glendening.
5:50 of 2nd period - Shot Misses the Net.
5:52 of 2nd period - Shot by Luke Glendening.
5:52 of 2nd period - Stopped by Cam Talbot without a rebound.
5:53 of 2nd period - Curtis Lazar wins face-off versus Christian Dvorak in Blues zone.
6:12 of 2nd period - Anthony DeAngelo is hit by Sam Gagner and loses puck.
7:27 of 2nd period - Shot by Andrew Copp.
7:27 of 2nd period - Shot Misses the Net.
7:41 of 2nd period - Shot by Nico Hischier.
7:41 of 2nd period - Stopped by Igor Shesterkin with a rebound.
7:44 of 2nd period - Icing by K'Andre Miller.
7:45 of 2nd period - Sean Monahan wins face-off versus Luke Glendening in Senators zone.
8:11 of 2nd period - Shot by Luke Glendening.
8:11 of 2nd period - Stopped by Cam Talbot without a rebound.
8:12 of 2nd period - Joel Eriksson Ek wins face-off versus Nico Hischier in Blues zone.
8:13 of 2nd period - Shot by Nikita Kucherov.
8:13 of 2nd period - Deflect By Matty Beniers.
8:13 of 2nd period - Shot Misses the Net.
8:30 of 2nd period - Rasmus Andersson is hit by Auston Matthews and loses puck.
8:38 of 2nd period - Icing by Rasmus Andersson.
8:39 of 2nd period - Sean Monahan wins face-off versus Joel Eriksson Ek in Senators zone.
8:56 of 2nd period - Shot by Sean Monahan.
8:56 of 2nd period - Stopped by Igor Shesterkin without a rebound.
8:57 of 2nd period - Nico Hischier wins face-off versus Christian Dvorak in Senators zone.
10:03 of 2nd period - Anthony Cirelli is hit by Curtis Lazar and loses puck.
10:24 of 2nd period - Shot by Logan Couture.
10:24 of 2nd period - Stopped by Igor Shesterkin without a rebound.
10:25 of 2nd period - Luke Glendening wins face-off versus Sean Monahan in Senators zone.
10:46 of 2nd period - Shot by Yanni Gourde.
10:46 of 2nd period - Shot Blocked by Pius Suter.
11:57 of 2nd period - Shot by Clayton Keller.
11:57 of 2nd period - Stopped by Igor Shesterkin without a rebound.
11:58 of 2nd period - Logan Couture wins face-off versus Joel Eriksson Ek in Senators zone.
12:27 of 2nd period - Shot by Jack Eichel.
12:27 of 2nd period - Shot Misses the Net.
12:49 of 2nd period - Minor Penalty to Joel Eriksson Ek for Hooking.
12:50 of 2nd period - Nico Hischier wins face-off versus Sam Gagner in Senators zone.
13:07 of 2nd period - Shot by Auston Matthews.
13:07 of 2nd period - Stopped by Igor Shesterkin without a rebound.
13:08 of 2nd period - Jack Eichel wins face-off versus Sam Gagner in Senators zone.
13:17 of 2nd period - Shot by Cale Makar.
13:17 of 2nd period - Stopped by Igor Shesterkin with a rebound.
13:27 of 2nd period - Shot by Auston Matthews.
13:27 of 2nd period - Stopped by Igor Shesterkin without a rebound.
13:28 of 2nd period - Andrew Copp wins face-off versus Nico Hischier in Senators zone.
13:28 of 2nd period - Andrew Copp is hit by Logan Couture.
13:51 of 2nd period - Icing by Clayton Keller.
13:52 of 2nd period - Andrew Copp wins face-off versus Nico Hischier in Blues zone.
14:56 of 2nd period - Icing by Erik Johnson.
14:57 of 2nd period - Luke Glendening wins face-off versus Sean Monahan in Senators zone.
16:10 of 2nd period - Nico Hischier is hit by Rasmus Andersson and loses puck.
16:19 of 2nd period - Shot by Cale Makar.
16:19 of 2nd period - Stopped by Igor Shesterkin without a rebound.
16:20 of 2nd period - Joel Eriksson Ek wins face-off versus Curtis Lazar in Senators zone.
16:20 of 2nd period - Joel Eriksson Ek is hit by Logan Couture.
16:34 of 2nd period - Shot by Nikita Kucherov.
16:34 of 2nd period - Stopped by Cam Talbot without a rebound.
16:35 of 2nd period - Christian Dvorak wins face-off versus Steven Lorentz in Blues zone.
16:59 of 2nd period - Sam Gagner is hit by Kris Letang and loses puck.
17:38 of 2nd period - Shot by Jack Eichel.
17:38 of 2nd period - Shot Misses the Net.
17:47 of 2nd period - Icing by Jake Walman.
17:48 of 2nd period - Christian Dvorak wins face-off versus Yanni Gourde in Senators zone.
18:20 of 2nd period - Yanni Gourde is hit by Adam Lowry and loses puck.
18:28 of 2nd period - Icing by Alec Martinez.
18:29 of 2nd period - Nikita Kucherov wins face-off versus Sean Monahan in Blues zone.
18:36 of 2nd period - Shot by Joel Eriksson Ek.
18:36 of 2nd period - Shot Misses the Net.
19:54 of 2nd period - Shot by Adam Lowry.
19:54 of 2nd period - Deflect By Andrew Copp.
19:54 of 2nd period - Stopped by Cam Talbot with a rebound.
Goals for this period are 1 for Blues vs 0 for Senators.
Shots for this period are 13 for Blues vs 5 for Senators.

3rd period


0:01 of 3rd period - Luke Glendening wins face-off versus Nico Hischier in neutral zone.
0:40 of 3rd period - Shot by Clayton Keller.
0:40 of 3rd period - Shot Blocked by Jake Walman.
1:55 of 3rd period - Minor Penalty to Joel Eriksson Ek for Boarding.
1:56 of 3rd period - Jack Eichel wins face-off versus Sam Gagner in Senators zone.
2:10 of 3rd period - Icing by Kris Letang.
2:11 of 3rd period - Sam Gagner wins face-off versus Jack Eichel in Blues zone.
2:33 of 3rd period - Rasmus Andersson is hit by Alex Newhook and loses puck.
3:12 of 3rd period - Shot by Nico Hischier.
3:12 of 3rd period - Shot Blocked by Rasmus Andersson.
3:32 of 3rd period - Shot by Alec Martinez.
3:32 of 3rd period - Stopped by Igor Shesterkin without a rebound.
3:33 of 3rd period - Andrew Copp wins face-off versus Jack Eichel in Senators zone.
4:06 of 3rd period - Shot by Alec Martinez.
4:06 of 3rd period - Stopped by Igor Shesterkin without a rebound.
4:07 of 3rd period - Luke Glendening wins face-off versus Curtis Lazar in Senators zone.
4:07 of 3rd period - Luke Glendening is hit by Curtis Lazar.
4:19 of 3rd period - Brock McGinn is hit by Curtis Lazar.
5:09 of 3rd period - Sean Monahan is hit by Joel Eriksson Ek and loses puck.
5:32 of 3rd period - Shot by Sean Monahan.
5:32 of 3rd period - Deflect By Yanni Gourde.
5:32 of 3rd period - Stopped by Igor Shesterkin without a rebound.
5:33 of 3rd period - Christian Dvorak wins face-off versus Nico Hischier in Senators zone.
5:33 of 3rd period - Christian Dvorak is hit by Auston Matthews.
5:38 of 3rd period - Connor Clifton is hit by Kris Letang.
5:50 of 3rd period - Shot by Clayton Keller.
5:50 of 3rd period - Stopped by Igor Shesterkin without a rebound.
5:51 of 3rd period - Andrew Copp wins face-off versus Steven Lorentz in Senators zone.
6:00 of 3rd period - Icing by Steven Lorentz.
6:01 of 3rd period - Steven Lorentz wins face-off versus Christian Dvorak in Blues zone.
6:10 of 3rd period - Shot by Auston Matthews.
6:10 of 3rd period - Shot Misses the Net.
6:53 of 3rd period - Icing by Christian Dvorak.
6:54 of 3rd period - Sean Monahan wins face-off versus Christian Dvorak in Senators zone.
6:59 of 3rd period - Shot by Sean Monahan.
6:59 of 3rd period - Stopped by Igor Shesterkin with a rebound.
7:24 of 3rd period - Icing by Jake Walman.
7:25 of 3rd period - Christian Dvorak wins face-off versus Curtis Lazar in Senators zone.
8:03 of 3rd period - Off-side.
8:04 of 3rd period - Nico Hischier wins face-off versus Joel Eriksson Ek in neutral zone.
8:06 of 3rd period - Cale Makar is hit by K'Andre Miller and loses puck.
8:19 of 3rd period - Shot by Matty Beniers.
8:19 of 3rd period - Stopped by Cam Talbot without a rebound.
8:20 of 3rd period - Brock McGinn wins face-off versus Sean Monahan in Blues zone.
8:25 of 3rd period - Shot by Brock McGinn.
8:25 of 3rd period - Goal by Brock McGinn - Blues : 2 - Senators : 2.
8:26 of 3rd period - Nico Hischier wins face-off versus Andrew Copp in neutral zone.
9:24 of 3rd period - Rasmus Andersson is hit by Filip Hronek and loses puck.
9:32 of 3rd period - Icing by Anthony DeAngelo.
9:33 of 3rd period - Curtis Lazar wins face-off versus Luke Glendening in Blues zone.
9:35 of 3rd period - Icing by Jack Eichel.
9:36 of 3rd period - Joel Eriksson Ek wins face-off versus Curtis Lazar in Blues zone.
9:45 of 3rd period - Shot by Nikita Kucherov.
9:45 of 3rd period - Deflect By Joel Eriksson Ek.
9:45 of 3rd period - Stopped by Cam Talbot without a rebound.
9:46 of 3rd period - Sean Monahan wins face-off versus Luke Glendening in Blues zone.
9:56 of 3rd period - Yanni Gourde is hit by Connor Clifton and loses puck.
10:05 of 3rd period - Shot by Yanni Gourde.
10:05 of 3rd period - Stopped by Igor Shesterkin without a rebound.
10:06 of 3rd period - Nico Hischier wins face-off versus Joel Eriksson Ek in Senators zone.
10:28 of 3rd period - Icing by Matty Beniers.
10:29 of 3rd period - Joel Eriksson Ek wins face-off versus Curtis Lazar in Senators zone.
10:35 of 3rd period - Shot by Joel Eriksson Ek.
10:35 of 3rd period - Shot Blocked by Curtis Lazar.
10:37 of 3rd period - Shot by Matty Beniers.
10:37 of 3rd period - Shot Misses the Net.
10:39 of 3rd period - Shot by Nikita Kucherov.
10:39 of 3rd period - Stopped by Cam Talbot without a rebound.
10:40 of 3rd period - Auston Matthews wins face-off versus Brock McGinn in Blues zone.
11:18 of 3rd period - Pius Suter is hit by Kris Letang and loses puck.
12:13 of 3rd period - Shot by Jack Eichel.
12:13 of 3rd period - Stopped by Igor Shesterkin without a rebound.
12:14 of 3rd period - Joel Eriksson Ek wins face-off versus Sean Monahan in Senators zone.
12:14 of 3rd period - Joel Eriksson Ek is hit by Sean Monahan.
12:17 of 3rd period - Matty Beniers is hit by Yanni Gourde and loses puck.
12:27 of 3rd period - K'Andre Miller is hit by Sean Monahan and loses puck.
13:37 of 3rd period - Shot by Cale Makar.
13:37 of 3rd period - Shot Blocked by Andrew Copp.
14:22 of 3rd period - Shot by Curtis Lazar.
14:22 of 3rd period - Stopped by Igor Shesterkin without a rebound.
14:23 of 3rd period - Luke Glendening wins face-off versus Curtis Lazar in Senators zone.
14:44 of 3rd period - Filip Hronek is hit by Luke Glendening and loses puck.
15:21 of 3rd period - Icing by Noah Hanifin.
15:22 of 3rd period - Joel Eriksson Ek wins face-off versus Nico Hischier in Senators zone.
16:20 of 3rd period - Shot by Yanni Gourde.
16:20 of 3rd period - Shot Misses the Net.
16:24 of 3rd period - Shot by Yanni Gourde.
16:24 of 3rd period - Shot Misses the Net.
16:26 of 3rd period - Shot by Alex Newhook.
16:26 of 3rd period - Stopped by Igor Shesterkin without a rebound.
16:27 of 3rd period - Christian Dvorak wins face-off versus Sean Monahan in Senators zone.
16:27 of 3rd period - Christian Dvorak is hit by Yanni Gourde.
16:54 of 3rd period - Shot by Yanni Gourde.
16:54 of 3rd period - Shot Misses the Net.
16:56 of 3rd period - Shot by Yanni Gourde.
16:56 of 3rd period - Stopped by Igor Shesterkin without a rebound.
16:57 of 3rd period - Curtis Lazar wins face-off versus Andrew Copp in Senators zone.
16:58 of 3rd period - Shot by Logan Couture.
16:58 of 3rd period - Deflect By Jack Eichel.
16:58 of 3rd period - Shot Blocked by Erik Johnson.
17:43 of 3rd period - Adam Lowry is hit by Filip Hronek and loses puck.
18:08 of 3rd period - Shot by Pius Suter.
18:08 of 3rd period - Stopped by Cam Talbot without a rebound.
18:09 of 3rd period - Auston Matthews wins face-off versus Christian Dvorak in Blues zone.
19:05 of 3rd period - Icing by Auston Matthews.
19:06 of 3rd period - Nico Hischier wins face-off versus Luke Glendening in Blues zone.
19:29 of 3rd period - Shot by Alex Newhook.
19:29 of 3rd period - Goal by Alex Newhook - Blues : 3 - Senators : 2.
19:30 of 3rd period - Nico Hischier wins face-off versus Joel Eriksson Ek in neutral zone.
19:49 of 3rd period - Nico Hischier is hit by Noah Hanifin and loses puck.
19:56 of 3rd period - Senators, Igor Shesterkin is pulled from the net.
Goals for this period are 1 for Blues vs 1 for Senators.
Shots for this period are 11 for Blues vs 5 for Senators.